AoeStats
← 1109919864

Arena

510310471Analyzed
2v2 RM · 2d ago on Sep 30, 2026· 56m 51s· 4 players
Game mode
Random Map
Map size
Medium (4 player)
Population
200
Speed
Normal
Resources
Standard
Victory
Conquest
Starting age
Dark Age
Ending age
Imperial Age
RankedLock teamsTeams togetherTeam positionsShared explorationLock speedFull tech treeHidden civsTurbo modeCheats
Victory
Defeat
🇨🇳 Huns · China
1093
+14
🇨🇳 Malay · China
1080
+15
🇨🇳 Franks · China
1077
-15
1042
-14
饱受摧残的萌新
8:35 Feudal Age
13:41 Castle Age
11:37 Double-Bit Axe
17:10 Horse Collar
17:44 Pikeman
20:07 Squires
21:04 Arson
21:57 Wheelbarrow
21:29 Gold Mining
23:40 Gold Shaft Mining
23:06 Man-at-Arms
24:50 Heavy Plow
26:03 Long Swordsman
26:29 Gambesons
26:48 Scale Mail Armor
26:59 Forging
33:35 Imperial Age
31:05 Town Watch
31:10 Loom
32:23 Stone Mining
32:56 Hand Cart
33:17 Chain Mail Armor
33:38 Iron Casting
33:36 Bow Saw
33:56 Two-Handed Swordsman
35:10 Plate Mail Armor
35:58 Two-Man Saw
35:37 Champion
38:41 Blast Furnace
41:09 Capped Ram
42:59 Halberdier
45:06 Treadmill Crane
47:02 Fletching
50:15 Bodkin Arrow
51:33 Ballistics
52:39 Masonry
52:20 Guard Tower
54:03 Conscription
56:27 Siege Engineers
56:49 Murder Holes
1109919864
10:11 Feudal Age
10:14 Loom
15:35 Castle Age
16:45 Double-Bit Axe
21:45 Scale Barding Armor
22:18 Husbandry
28:31 Chain Barding Armor
28:22 Forging
31:24 Stone Mining
33:28 Wheelbarrow
34:47 Bow Saw
44:37 Gold Mining
44:57 Pikeman
45:38 Squires
咸鱼夜夜
11:05 Feudal Age
13:02 Loom
15:45 Castle Age
13:33 Horse Collar
13:52 Double-Bit Axe
13:56 Horse Collar
15:48 Bow Saw
16:24 Loom
20:25 Heavy Plow
22:06 Wheelbarrow
24:25 Hand Cart
25:50 Forging
25:55 Squires
25:40 Arson
29:34 Imperial Age
26:28 Pikeman
28:37 Iron Casting
28:22 Halberdier
28:29 Halberdier
30:21 Blast Furnace
30:33 Conscription
30:10 Gold Mining
30:12 Stone Mining
30:39 Man-at-Arms
32:02 Long Swordsman
32:05 Elite Karambit Warrior
32:48 Forced Levy
32:33 Two-Handed Swordsman
33:26 Fletching
42:45 Elite Battle Elephant
43:30 Husbandry
44:17 Scale Barding Armor
48:17 Crop Rotation
[**]XIANYU
0:42 Loom
10:09 Feudal Age
11:06 Double-Bit Axe
16:39 Castle Age
14:33 Horse Collar
16:38 Forging
16:41 Loom
18:02 Bow Saw
17:54 Heavy Plow
20:52 Squires
32:24 Man-at-Arms
33:10 Long Swordsman
34:52 Marauders
35:35 Wheelbarrow
36:48 Scale Mail Armor
37:01 Scale Barding Armor
37:52 Scale Mail Armor
37:47 Fletching
39:53 Gold Mining
42:00 Husbandry
43:21 Bloodlines
44:12 Gold Shaft Mining
44:37 Iron Casting
44:11 Stone Mining
45:03 Hand Cart
47:32 Pikeman
49:36 Chain Barding Armor
49:12 Bodkin Arrow
53:52 Imperial Age
52:50 Light Cavalry
56:49 Blast Furnace
56:25 Plate Barding Armor
56:49 Hussar
Connection lost

Rejoining the realm…

Still unreachable

The connection could not be restored.

Session expired

The server has moved on; the page needs a fresh start.